 Dungeon Crawl Stone Soup version 0.18.1-50-g88ac8fd (webtiles) character file.

87 Franakus the Conjurer (level 4, 0/24 HPs)
             Began as a Deep Elf Conjurer on Oct 27, 2016.
             Was an Initiate of Vehumet.
             Slain by a jackal (2 damage)
             ... on level 6 of the Dungeon.
             The game lasted 00:08:59 (672 turns).

Franakus the Conjurer (Deep Elf Conjurer)            Turns: 672, Time: 00:08:59

Health: 0/24       AC:  2    Str:  5    XL:     4   Next: 28%
Magic:  4/11       EV: 13    Int: 21    God:    Vehumet [......]
Gold:   124        SH:  0    Dex: 15    Spells: 3 memorised, 3 levels left

rFire  . . .     SeeInvis .     d - +0 short sword
rCold  . . .     Gourm    .     a - +0 robe
rNeg   . . .     Faith    .     (no shield)
rPois  .         Spirit   .     (no helmet)
rElec  .         Dismiss  .     (no cloak)
rCorr  .         Reflect  .     (no gloves)
SustAt .         Harm     .     (no boots)
MR     .....                    (no amulet)
Stlth  ++........               (no ring)
                                (no ring)

@: not resistant to hostile enchantments, unstealthy
A: no striking features
a: Renounce Religion


You were on level 6 of the Dungeon.
You worshipped Vehumet.
Vehumet was noncommittal.
You were not hungry.

You visited 1 branch of the dungeon, and saw 6 of its levels.

You collected 124 gold pieces.

Inventory:

Hand Weapons
 d - a +0 short sword (weapon)
Armour
 a - a +0 robe (worn)
Scrolls
 f - a scroll of teleportation
 g - 2 scrolls of identify
 h - a scroll of remove curse
 i - a scroll of immolation {unknown}
Potions
 e - a potion of degeneration {unknown}
Books
 b - a book of Conjurations

   Spells                             Type                      Level
   a - Magic Dart                     Conjuration                  1
   b - Searing Ray                    Conjuration                  2
   c - Dazzling Spray                 Conjuration/Hexes            3
   d - Fulminant Prism                Conjuration/Hexes            4
   e - Iskenderun's Mystic Blast      Conjuration                  4
   f - Iskenderun's Battlesphere      Conjuration/Charms           5
Comestibles
 c - 3 bread rations


   Skills:
 + Level 3.2 Dodging
 + Level 2.7 Stealth
 + Level 3.3 Spellcasting
 + Level 5.7 Conjurations


You had 3 spell levels left.
You knew the following spells:

 Your Spells              Type           Power        Failure   Level  Hunger
a - Magic Dart            Conj           ####         1%          1    None
b - Searing Ray           Conj           ####..       1%          2    ##.....
c - Dazzling Spray        Conj/Hex       ###...       14%         3    ###....


Dungeon Overview and Level Annotations

Branches:
Dungeon (6/15)
 Temple: D:4-7

Altars:
Cheibriados
Kikubaaqudgha
Vehumet
The Shining One

Shops:
D:6 :


Message History

The spray of energy hits the jackal.
You kill the jackal!
Vehumet accepts your kill. The phantom hits you!
The phantom blinks!
Found Lyurupra's Book Boutique.
There is a stone staircase leading up here.
The jackal closely misses you.
You climb upwards.
A giant cockroach, a sky beast and 4 orcs come into view.
The orc wizard shouts!
The orc shouts!
The sky beast hits you. The sky beast shocks you.
* * * LOW HITPOINT WARNING * * *
There is a stone staircase leading down here.
The orc wizard gestures at you while chanting.
The magic dart hits you!
* * * LOW HITPOINT WARNING * * *
The sky beast closely misses you.
You climb downwards.
The jackal bites you.
You die...

#..........# .# ≈≈≈#
#....#.#.#.# ..#
≈≈≈≈##...<#.#.#.##..#
≈∩...#..............#
≈≈≈≈................#
≈≈≈.....#.#.........#
........#.#.#........
........#.#.#.#..#..#
####.@Y..W.........
........h............
#.###.........##....#
.............#....#
........(##.#...>...
#.####..####.#.#....#
. ..... ..........
##..# #.#.#...


You could see a phantom, a sky beast and a jackal.

Vanquished Creatures
  A hound (D:4)
  4 adders
  A giant gecko (D:2)
  2 orcs
  2 ball pythons (D:3)
  A giant cockroach (D:2)
  A goblin (D:3)
  2 jackals (D:6)
  2 kobolds (D:1)
  3 bats
  A rat (D:3)
20 creatures vanquished.

Notes
Turn   | Place    | Note
--------------------------------------------------------------
     0 | D:1      | Franakus the Deep Elf Conjurer began the quest for the Orb.
     0 | D:1      | Reached XP level 1. HP: 10/10 MP: 6/6
   188 | D:2      | Reached XP level 2. HP: 11/15 MP: 0/8
   192 | D:2      | Learned a level 2 spell: Searing Ray
   260 | D:3      | Reached skill level 5 in Conjurations
   297 | D:3      | Reached XP level 3. HP: 13/19 MP: 4/9
   413 | D:4      | Learned a level 3 spell: Dazzling Spray
   426 | D:4      | Reached XP level 4. HP: 10/24 MP: 7/11
   555 | D:5      | Entered Level 5 of the Dungeon
   557 | D:5      | Found a glowing golden altar of the Shining One.
   562 | D:5      | Found a snail-covered altar of Cheibriados.
   562 | D:5      | Found an ancient bone altar of Kikubaaqudgha.
   564 | D:5      | Found a radiant altar of Vehumet.
   573 | D:5      | Became a worshipper of Vehumet
   656 | D:6      | Noticed a phantom
   667 | D:6      | Found Lyurupra's Book Boutique.
   670 | D:5      | Noticed a sky beast
   672 | D:6      | Slain by a jackal

Skill      XL: |  1  2  3 |
---------------+----------+-----
Conjurations   | 5 |  5.7
Dodging        | 3 |  3.2
Stealth        | |  2.7
Spellcasting   | |  3.3

Action                   |  1- 3 |  4- 6 || total
-------------------------+-------+-------++-------
Melee: Short sword       |     6 |     1 ||     7
 Cast: Magic Dart        |    18 |     3 ||    21
       Searing Ray       |     3 |     2 ||     5
       Dazzling Spray    |       |     1 ||     1
  Use: Scroll            |     4 |       ||     4
 Stab: Sleeping          |     2 |       ||     2
Armor: Robe              |     7 |     1 ||     8
Dodge: Dodged            |    22 |     6 ||    28
